 Dungeon Crawl Stone Soup version 0.30-a0-726-gd89dcf765f (webtiles) character file.

Game seed: 10381795581170938298

1841 mandoloar the Basher (level 9, -1/51 HPs)
             Began as a Gargoyle Fighter on Jan 29, 2023.
             Was a Follower of Okawaru.
             Slain by a fire elemental (7 damage)
             ... summoned by a deep elf pyromancer
             ... on level 6 of the Dungeon.
             The game lasted 00:18:37 (8568 turns).

mandoloar the Basher (Gargoyle Fighter)             Turns: 8568, Time: 00:18:38

Health: -1/51      AC: 17    Str: 23    XL:     9   Next: 12%
Magic:  9/9        EV:  9    Int: 10    God:    Okawaru [*.....]
Gold:   396        SH:  4    Dex:  9    Spells: 8/8 levels left

rFire   . . .      SeeInvis .    a - +5 morningstar
rCold   . . .      Faith    .    c - +0 buckler
rNeg    + . .      Spirit   .    b - +0 scale mail
rPois   ∞          Reflect  .    f - +2 hat
rElec   +          Harm     .    l - +1 cloak
rCorr   .          Rampage  .    (no gloves)
Will    .....                    (no boots) Stlth
                                 (no amulet)
HPRegen 0.28/turn                (no ring)
MPRegen 0.11/turn                (no ring)

@: no status effects
A: sickness immunity, AC +6, negative energy resistance 1, electricity
resistance, torment resistance 1, petrification resistance
a: Renounce Religion, Heroism


You were on level 6 of the Dungeon.
You worshipped Okawaru.
Okawaru was aware of your devotion.
You visited 2 branches of the dungeon, and saw 8 of its levels.

You collected 396 gold pieces.

Inventory:

Hand Weapons
 a - a +5 morningstar (weapon)
Missiles
 h - 29 stones (quivered)
Armour
 b - a +0 scale mail (worn)
 c - a +0 buckler (worn)
 f - a +2 hat (worn)
 l - a +1 cloak (worn)
Wands
 d - a wand of digging (3)
 i - a wand of flame (15)
 t - a wand of polymorph (10)
 w - a wand of mindburst (10)
Scrolls
 p - a scroll of teleportation {unknown}
 u - 2 scrolls of identify
Potions
 e - 2 potions of cancellation
 g - 4 potions of curing {unknown}
 j - a potion of flight {unknown}
 k - a potion of resistance {unknown}
 m - 4 potions of berserk rage
 n - a potion of brilliance {unknown}
 o - a potion of degeneration {unknown}
 q - a potion of magic {unknown}
 r - 4 potions of attraction {unknown}
 s - a potion of ambrosia {unknown}
 v - a potion of lignification {unknown}


   Skills:
 - Level 3.2 Fighting
 + Level 11.6 Maces & Flails
 - Level 3.2 Armour
 - Level 3.2 Shields


You had 8 spell levels left.
You didn't know any spells.
Your spell library contained the following spells:

 Spells                   Type           Power      Damage    Failure   Level
 Freeze                   Ice            0%         1d3       77%         1
 Kiss of Death            Conj/Necr      0%         2d5       77%         1
 Frozen Ramparts          Ice            0%         1d1       98%         3
 Hailstorm                Conj/Ice       0%         3d3       98%         3
 Inner Flame              Hex/Fire       0%         N/A       98%         3
 Portal Projectile        Hex/Tloc       0%         N/A       98%         3
 Flame Wave               Conj/Fire      0%         2d4       100%        4
 Sticky Flame             Conj/Fire      0%         2d3       100%        4
 Blade Hands              Tmut           0%         N/A       100%        5
 Tukima's Dance           Hex            Unusable   N/A       N/A         3

Dungeon Overview and Level Annotations

Branches:
Dungeon (7/15)             Temple (1/1) D:4

Altars:
Ashenzari
Dithmenos
Fedhas
Gozag
Hepliaklqana
Kikubaaqudgha
Makhleb
Nemelex Xobeh
Okawaru
Qazlal
Ru
Trog
Uskayaw
Vehumet
Wu Jian
Xom
Yredelemnul
Zin
The Shining One

Annotations:
D:5 1 runed translucent door, Menkaure
D:7 Pikel


Innate Abilities, Weirdness & Mutations

You are immune to sickness and miasma.
Your stone body is resilient. (AC +6)
You are immune to poison.
You resist negative energy. (rN+)
You are resistant to electric shocks. (rElec)
You are resistant to unholy torment.
You are immune to petrification.


Message History

The deep elf pyromancer attacks as you move away!
You block the deep elf pyromancer's attack.
Something hits you but does no damage. x2
The deep elf pyromancer attacks as you move away!
The deep elf pyromancer hits you but does no damage.
There is a stone staircase leading up here.
Something hits you.
The deep elf pyromancer casts a spell at you.
The sticky flame hits you but does no damage.
You are covered in liquid flames!
You hear a shout!
You climb upwards.
Reactivating autopickup.
You are covered in liquid flames!
You are no longer on fire.
There is a stone staircase leading down here.
Deactivating autopickup; reactivate with Ctrl-A.
You closely miss something. Something hits you but does no damage.
The deep elf pyromancer mumbles some strange words.
You sock the deep elf pyromancer!
The deep elf pyromancer is moderately wounded.
The deep elf pyromancer casts a spell.
The deep elf pyromancer blinks!
The fire elemental hits you. The fire elemental burns you!
You block something's attack. Something hits you.
Something hits you but does no damage.
The deep elf pyromancer gestures wildly while chanting.
The deep elf pyromancer blinks!
You block the fire elemental's attack. The fire elemental hits you.
The fire elemental burns you!
* * * LOW HITPOINT WARNING * * *
Something hits you but does no damage.
Things that are here:
a +0 robe; a +0 dagger; an orc corpse
Okay, then.
Okay, then.
Okay, then.
Okay, then.
You hit something. Something hits you but does no damage.
The fire elemental hits you. The fire elemental burns you!
* * * LOW HITPOINT WARNING * * *
The fire elemental hits you. The fire elemental burns you!
You die...

# ####..###
#......####.# #
#.......#
###.####......# #
#.......## #...#
#.###### # #........##
##.### #.#.))<# #
#.........# #..#
#.#.#### #
#.......#.### #.##
#.#.#### #
#########...# #.#
#....... # ###.###.#
###....# # ######.E@{.#
#....# # #.e.....E>##
#..... # #.#########
##...# # #.# #...# #
#.# #...# # #.# #...# #
#.# #...# # #.# ##### #
#.#####################


You could see a deep elf pyromancer and 2 fire elementals.

Vanquished Creatures
  Eustachio (D:5)
  A water moccasin (D:6)
  An orc warrior (D:6)
  A sky beast (D:6)
  2 ogres
  A centaur (D:6)
  A gnoll sergeant (D:6)
  2 scorpions
  3 necrophages (D:6)
  4 wights
  6 hounds
  An orc priest (D:5)
  Crazy Yiuf (D:2)
  Natasha (thrice) (D:3)
  An iguana (D:5)
  Ijyb (D:5)
  3 orc wizards
  Robin (D:2)
  5 adders
  2 ufetubi (D:6)
  A worm (D:2)
  2 dart slugs
  11 orcs
  4 ball pythons
  4 bats
  11 endoplasms
  3 giant cockroaches
  13 goblins
  12 hobgoblins
  6 jackals
  A quokka (D:1)
  3 frilled lizards
  10 kobolds
  7 rats
129 creatures vanquished.

Vanquished Creatures (others)
  A human (D:3)
  A fungus (D:2)
2 creatures vanquished.

Grand Total: 131 creatures vanquished

Notes
Turn   | Place    | Note
-------+----------+-------------------------------------------
     0 | D:1      | mandoloar the Gargoyle Fighter began the quest for the Orb.
     0 | D:1      | Reached XP level 1. HP: 14/14 MP: 1/1
   108 | D:1      | Found a faded altar of an unknown god.
   118 | D:1      | Got Plato's Collected Works on Violence
   152 | D:1      | Reached XP level 2. HP: 12/19 MP: 2/2
   321 | D:1      | Reached skill level 3 in Maces & Flails
   576 | D:1      | Reached XP level 3. HP: 23/23 MP: 3/3
  1260 | D:2      | Reached skill level 4 in Maces & Flails
  1305 | D:2      | Found a runed translucent door.
  1572 | D:2      | Noticed Robin
  1591 | D:2      | Reached XP level 4. HP: 21/28 MP: 4/4
  1614 | D:2      | Killed Robin
  2134 | D:2      | Noticed Crazy Yiuf
  2143 | D:2      | Killed Crazy Yiuf
  2388 | D:3      | Noticed Natasha
  2395 | D:3      | Killed Natasha
  2396 | D:3      | Reached skill level 5 in Maces & Flails
  2396 | D:3      | Reached XP level 5. HP: 31/32 MP: 5/5
  2600 | D:3      | Noticed Natasha
  2612 | D:3      | Killed Natasha
  2648 | D:3      | Noticed Natasha
  2654 | D:3      | Killed Natasha
  3207 | D:3      | Found an ancient bone altar of Kikubaaqudgha.
  3208 | D:3      | Noticed a human
  3210 | D:3      | Killed a human
  3442 | D:4      | Reached skill level 6 in Maces & Flails
  3442 | D:4      | Reached XP level 6. HP: 37/37 MP: 6/6
  3572 | D:5      | Entered Level 5 of the Dungeon
  3842 | D:4      | Found a staircase to the Ecumenical Temple.
  3860 | Temple   | Entered the Ecumenical Temple
  5272 | D:5      | Noticed Ijyb
  5401 | D:5      | Killed Ijyb
  5402 | D:5      | Reached skill level 7 in Maces & Flails
  5476 | D:5      | Reached XP level 7. HP: 26/41 MP: 7/7
  5584 | D:5      | Reached skill level 8 in Maces & Flails
  6417 | D:5      | Reached skill level 9 in Maces & Flails
  6417 | D:5      | Reached XP level 8. HP: 41/46 MP: 8/8
  6433 | D:5      | Noticed Eustachio
  6449 | D:5      | Killed Eustachio
  6524 | D:5      | Found an iron altar of Okawaru.
  6558 | D:5      | Became a worshipper of Warmaster Okawaru
  6650 | D:5      | Found a runed translucent door.
  6805 | D:5      | Noticed Menkaure
  7274 | D:6      | Reached skill level 10 in Maces & Flails
  7382 | D:7      | Noticed a deep elf pyromancer
  7449 | D:6      | Reached * piety under Okawaru
  7774 | D:7      | Noticed Pikel
  7897 | D:6      | Reached skill level 11 in Maces & Flails
  8378 | D:6      | Reached XP level 9. HP: 39/51 MP: 9/9
  8568 | D:6      | Slain by a fire elemental

Illustrated notes

Levels and vault maps discovered:
D:1:      lemuel_arrival_tunnels, layout_basic,
          shapermc_ecumenical_altar_rom_forum
D:2:      layout_basic, uniq_crazy_yiuf_cottage, uniq_robin
D:3:      layout_loops_ring, tgw_kikubaaqudgha, chequers_serial_rivers_marsh,
          kennysheep_generic_room_2, uniq_natasha
D:4:      layout_layer_cave, minmay_temple_entry_statues_pillars,
          minmay_misc_feat_four_crosses
D:5:      layout_rooms, lemuel_tele_altar, lightli_church_of_beogh,
          uniq_menkaure, uniq_eustachio, uniq_ijyb
D:6:      layout_basic, minivault_22
D:7:      layout_rooms, kennysheep_mini, minmay_misc_feat_columns,
          minmay_manual_moon, uniq_pikel
Temple:   sentei_temple_godly_chess

Skill      XL: |  1  2  3  4  5  6  7  8 |
---------------+-------------------------+-----
Maces & Flails | 3 4 5 6 7 9 11 | 11.6
Fighting       | |  3.2
Armour         | |  3.2
Shields        | |  3.2

Action                     |  1- 3 |  4- 6 |  7- 9 || total
---------------------------+-------+-------+-------++-------
  Melee: Flail             |   116 |   192 |    31 ||   339
         Morningstar       |       |       |   115 ||   115
  Throw: Stone             |     1 |     9 |     6 ||    16
    Use: Scroll            |     2 |     8 |     3 ||    13
         Potion            |       |       |     1 ||     1
 Armour: Scale mail        |    63 |   111 |   113 ||   287
  Dodge: Dodged            |    45 |   105 |    64 ||   214
  Block: Buckler           |    21 |    33 |    23 ||    77

Table legend: (Time is in decaauts)
 A = Elapsed time spent in this place.
 B = Non-inter-level travel time spent in this place.
 C = Inter-level travel time spent in this place.
 D = Time resting spent in this place.
 E = Time spent auto-exploring this place.
 F = Levels seen in this place.
 G = Mean time per level.
                   A        B        C        D        E       F      G
               +--------+--------+--------+--------+--------+-----+--------+
         Total |   8673 |   8274 |    399 |   3192 |   3523 |   8 | 1084.1 |
       Dungeon |   8662 |   8263 |    399 |   3192 |   3523 |   7 | 1237.4 |
        Temple |     10 |     10 |      0 |      0 |      0 |   1 |   10.0 |
               +--------+--------+--------+--------+--------+-----+--------+

Top non-repeatable levels by time:
     D:4: 2032 daAuts
     D:6: 1872 daAuts
     D:2: 1319 daAuts
     D:5: 1234 daAuts
     D:1: 1136 daAuts
     D:3: 1043 daAuts
     D:7: 23 daAuts
  Temple: 10 daAuts
